 Dungeon Crawl Stone Soup version 0.31-a0-981-geadf994542 (webtiles) character file.

Game seed: 3275303350232217931

98 Persephone the Chopper (level 4, -5/28 HPs)
             Began as a Gargoyle Fighter on Oct 31, 2023.
             Was an Initiate of Okawaru.
             Slain by a gnoll bouda
             ... wielding a +0 whip
              (6 damage)
             ... on level 5 of the Dungeon.
             The game lasted 00:04:07 (2983 turns).

Persephone the Chopper (Gargoyle Fighter)           Turns: 2983, Time: 00:04:08

Health: -5/28      AC: 12    Str: 21    XL:     4   Next: 71%
Magic:  4/4        EV:  9    Int:  9    God:    Okawaru [......]
Gold:   318        SH:  4    Dex:  9    Spells: 3/3 levels left

rFire   . . .        a - +1 war axe
rCold   . . .        c - +0 buckler
rNeg    + . .        b - +0 scale mail
rPois   ∞            (no helmet)
rElec   +            z - +0 cloak
rCorr   .            y - +0 pair of gloves
SInv    .            (no boots)
Will    .....        (no amulet) Stlth
                     (no ring)
HPRegen 0.24/turn    (no ring)
MPRegen 0.09/turn

%: no passive effects
@: mighty
A: sickness immunity, AC +3, negative energy resistance 1, electricity
resistance, torment resistance 1, petrification resistance
a: Renounce Religion


You were on level 5 of the Dungeon.
You worshipped Okawaru.
Okawaru was noncommittal.
You visited 2 branches of the dungeon, and saw 6 of its levels.

You collected 318 gold pieces.

Inventory:

Hand Weapons
 a - a +1 war axe (weapon)
Missiles
 p - a poisoned dart (quivered)
Armour
 b - a +0 scale mail (worn)
 c - a +0 buckler (worn)
 y - a +0 pair of gloves (worn)
 z - a +0 cloak (worn)
Jewellery
 s - an amulet of guardian spirit
 t - a +6 ring of strength
Wands
 x - a wand of flame (20)
Scrolls
 f - a scroll of teleportation
 g - a scroll of blinking
 h - 3 scrolls of identify
 j - 2 scrolls of poison
Potions
 d - 3 potions of might
 e - a potion of invisibility
 i - 3 potions of enlightenment {unknown}
 l - a potion of ambrosia {unknown}
 n - a potion of magic {unknown}
 q - a potion of mutation {unknown}
 r - 3 potions of curing {unknown}
 w - a potion of heal wounds {unknown}


   Skills:
 - Level 3.2 Fighting
 + Level 4.3 Axes
 - Level 3.2 Armour
 - Level 3.2 Shields


You had 3 spell levels left.
You didn't know any spells.
Your spell library contained the following spells:

 Spells                   Type           Power      Damage    Failure   Level
 Kiss of Death            Conj/Necr      0%         2d5       80%         1
 Confusing Touch          Hex            0%         N/A       99%         3
 Dispel Undead            Necr           0%         3d6       100%        4
 Iskenderun's Battlesphe  Conj           0%         2d6       100%        5
 Bombard                  Conj/Erth      0%         9d1       100%        6
 Summon Small Mammal      Summ           Unusable   N/A       N/A         1
 Call Canine Familiar     Summ           Unusable   N/A       N/A         3
 Summon Guardian Golem    Hex/Summ       Unusable   N/A       N/A         3
 Spellforged Servitor     Conj/Summ      Unusable   N/A       N/A         7

Dungeon Overview and Level Annotations

Branches:
Dungeon (5/15)             Temple (1/1) D:4

Altars:
Ashenzari
Cheibriados
Elyvilon
Fedhas
Okawaru
Sif Muna
Uskayaw
Wu Jian
Xom
Yredelemnul
Zin
The Shining One

Annotations:
D:5 Edmund


Innate Abilities, Weirdness & Mutations

You are immune to sickness and miasma.
Your stone body is resilient. (AC +3)
You are immune to poison.
You resist negative energy. (rN+)
You are resistant to electric shocks. (rElec)
You are resistant to unholy torment.
You are immune to petrification.


Message History

Edmund says, "People think my brother is the best.
I think he's crazy."
Edmund misses you. The gnoll closely misses you.
The gnoll hits you but does no damage. The gnoll bouda barely misses you.
The gnoll barely misses you. Edmund barely misses you.
The gnoll barely misses you.
You hit Edmund.
Edmund is moderately wounded.
You slash the gnoll!
You kill the gnoll!
Okawaru accepts your kill.
You closely miss the gnoll. You hit the gnoll bouda.
The gnoll bouda hits you with a +0 whip.
Edmund completely misses you. The gnoll hits you but does no damage.
You barely miss Edmund.
Edmund is moderately wounded.
You barely miss the gnoll bouda. You completely miss the gnoll.
The gnoll bouda calls upon its god to heal the gnoll.
The gnoll's wounds heal themselves!
Edmund hits you but does no damage. The gnoll closely misses you.
You block the adder's attack.
You slash Edmund!
Edmund is severely wounded.
You slash the gnoll! You closely miss the adder.
You barely miss the gnoll bouda.
The gnoll bouda prays to its god.
The gnoll bouda is healed somewhat.
You block Edmund's attack. The gnoll hits you but does no damage.
You block the adder's attack.
The gnoll bouda hits you with a +0 whip.
* * * LOW HITPOINT WARNING * * *
You barely miss Edmund.
Edmund is severely wounded.
You slash the adder!
You kill the adder!
Okawaru accepts your kill.
You barely miss the gnoll bouda. You hit the gnoll.
You kill the gnoll!
Okawaru accepts your kill.
Edmund hits you with a +4 flail of protection!
* * * LOW HITPOINT WARNING * * *
The gnoll bouda hits you with a +0 whip.
You die...

..> ... ... #.#
#####.###
#.......##
###.#...(..####
......)g<#.....
####.)@...#
#..@..#....
###.### ### #.#
... ).. #...
#...#


You could see Edmund and a gnoll bouda.

Vanquished Creatures
  3 gnolls (D:5)
  3 adders
  A dart slug (D:1)
  An orc (D:3)
  6 endoplasms
  4 giant cockroaches
  6 goblins
  3 hobgoblins
  4 quokkas
  9 ball pythons
  6 bats
  3 frilled lizards (D:1)
  7 kobolds
  A rat (D:1)
57 creatures vanquished.

Notes
Turn   | Place    | Note
-------+----------+-------------------------------------------
     0 | D:1      | Persephone the Gargoyle Fighter began the quest for the
                  | Orb.
     0 | D:1      | Reached XP level 1. HP: 14/14 MP: 1/1
    29 | D:1      | Reached skill level 2 in Axes
    88 | D:1      | Reached XP level 2. HP: 17/19 MP: 2/2
   310 | D:1      | Reached skill level 3 in Axes
   314 | D:1      | Reached XP level 3. HP: 23/23 MP: 3/3
   404 | D:1      | You fall into a shaft and drop 1 floor!
   888 | D:2      | Reached XP level 4. HP: 28/28 MP: 4/4
  1217 | D:3      | Reached skill level 4 in Axes
  2186 | D:4      | Found a white marble altar of Elyvilon.
  2464 | D:4      | Found a shimmering altar of Xom.
  2542 | D:4      | Found a staircase to the Ecumenical Temple.
  2582 | Temple   | Entered the Ecumenical Temple
  2613 | Temple   | Became a worshipper of Warmaster Okawaru
  2974 | D:5      | Identified the of Mutem
  2974 | D:5      | Entered Level 5 of the Dungeon
  2974 | D:5      | Noticed Edmund
  2983 | D:5      | HP: 1/28 [Edmund/+4 flail of protection (7)]
  2983 | D:5      | Slain by a gnoll bouda

Illustrated notes

Levels and vault maps discovered:
D:1:      wheals_arrival_shading, layout_rooms
D:2:      layout_loops_cross
D:3:      layout_basic, serial_bayou, serial_bayou_pond_d, serial_bayou_ford_a,
          serial_bayou_lagoon_a, serial_bayou_lake_a, serial_bayou_lagoon_b,
          chequers_serial_rivers_small_a, amethyst_killhole
D:4:      layout_basic, nicolae_elyvilon_peaceful_grove,
          mainiacjoe_overflow_paths, minmay_temple_entry_gardened_gates
D:5:      layout_loops_cross, nicolae_overflow_crystal_walls,
          mainiacjoe_overflow_24_doors, uniq_edmund, uniq_pikel
Temple:   cyrus_temple_forest

Skill      XL: |  1  2  3  4 |
---------------+-------------+-----
Axes           | 2 3 4 |  4.3
Fighting       | |  3.2
Armour         | |  3.2
Shields        | |  3.2

Action                     |  1- 3 |  4- 6 || total
---------------------------+-------+-------++-------
  Melee: War axe           |    93 |    32 ||   125
  Throw: Dart              |     5 |    23 ||    28
    Use: Scroll            |       |     9 ||     9
         Potion            |       |     1 ||     1
 Armour: Scale mail        |    73 |    24 ||    97
  Dodge: Dodged            |    56 |    14 ||    70
  Block: Buckler           |    20 |    11 ||    31

Table legend: (Time is in decaauts)
 A = Elapsed time spent in this place.
 B = Non-inter-level travel time spent in this place.
 C = Inter-level travel time spent in this place.
 D = Time resting spent in this place.
 E = Time spent auto-exploring this place.
 F = Levels seen in this place.
 G = Mean time per level.
                   A        B        C        D        E       F      G
               +--------+--------+--------+--------+--------+-----+--------+
         Total |   3101 |   2791 |    310 |      0 |   2333 |   6 |  516.8 |
       Dungeon |   3039 |   2759 |    280 |      0 |   2333 |   5 |  607.8 |
        Temple |     61 |     31 |     30 |      0 |      0 |   1 |   61.0 |
               +--------+--------+--------+--------+--------+-----+--------+

Top non-repeatable levels by time:
     D:3: 1060 daAuts
     D:4: 808 daAuts
     D:2: 623 daAuts
     D:1: 536 daAuts
  Temple: 61 daAuts
     D:5: 10 daAuts
